 Dungeon Crawl Stone Soup version 0.27-a0-1065-ge809cff (webtiles) character file.

Game seed: 5692941738311057673

3312 PublicAnimeNo1 the Destroyer (level 10, 0/90 HPs)
             Began as a Tengu Air Elementalist on Apr 22, 2021.
             Succumbed to a killer bee's poison
             ... on level 6 of the Dungeon.
             The game lasted 00:16:05 (9061 turns).

PublicAnimeNo1 the Destroyer (TeAE)                 Turns: 9061, Time: 00:16:05

Health: 0/90       AC:  4    Str:  8    XL:     10   Next: 1%
Magic:  5/17       EV: 15    Int: 20    God:
Gold:   272        SH: 10    Dex: 14    Spells: 8/17 levels left

rFire    . . .     SeeInvis .   r - staff of air
rCold    . . .     Faith    .   k - +0 buckler
rNeg     . . .     Spirit   .   a - +0 robe
rPois    .         Reflect  +   (helmet restricted)
rElec    +         Harm     .   h - +1 cloak
rCorr    .         Rampage  .   (no gloves)
Will     .....                  (boots unavailable)
Stlth    ..........             i - amulet of reflection
HPRegen  0.25/turn              (no ring)
MPRegen  0.15/turn              (no ring)

@: berserking, lethally poisoned (0 -> -5), flying quickly and evasively, very
quick
A: beak, talons 3, nimble flight
a: no special abilities


You were on level 6 of the Dungeon.
You visited 1 branch of the dungeon, and saw 6 of its levels.
You also visited: Ossuary.

You collected 338 gold pieces.
You spent 66 gold pieces at shops.

Inventory:

Hand Weapons
 d - a +1 dagger
Missiles
 j - a throwing net
Armour
 a - a +0 robe (worn)
 h - a +1 cloak (worn)
 k - a +0 buckler (worn)
Magical Staves
 r - a staff of air (weapon)
Jewellery
 i - an amulet of reflection (around neck)
 t - a ring of see invisible
 u - a ring of protection from cold
Wands
 l - a wand of mindburst (13)
 y - a wand of polymorph (10)
Scrolls
 p - 4 scrolls of teleportation
 q - a scroll of vulnerability
 A - a scroll of identify
Potions
 b - 4 potions of attraction
 c - a potion of ambrosia {unknown}
 f - 2 potions of invisibility
 g - 2 potions of brilliance
 m - a potion of flight {unknown}
 n - a potion of magic {unknown}
 o - a potion of mutation {unknown}
 s - a potion of lignification {unknown}
 v - a potion of curing {unknown}
 w - a potion of resistance {unknown}
 x - a potion of cancellation {unknown}
 z - a potion of heal wounds {unknown}


   Skills:
 + Level 5.7 Fighting
 - Level 2.4 Dodging
 - Level 2.0 Stealth
 + Level 5.4 Shields
 - Level 4.0 Spellcasting
 * Level 10.9 Conjurations
 + Level 8.7 Air Magic


You had 8 spell levels left.
You knew the following spells:

 Your Spells              Type           Power      Damage    Failure   Level
a - Shock                 Conj/Air       100%       1d9       1%          1
b - Searing Ray           Conj           96%        3d7       1%          2
c - Static Discharge      Conj/Air       60%        N/A       1%          2
d - Airstrike             Air            28%        N/A       3%          4

Your spell library contained the following spells:

 Spells                   Type           Power      Damage    Failure   Level
 Magic Dart               Conj           100%       1d8       1%          1
 Swiftness                Air            56%        N/A       1%          3
 Dazzling Flash           Conj/Hex       52%        N/A       4%          3
 Lightning Bolt           Conj/Air       30%        1d47      6%          5
 Animate Skeleton         Necr           8%         N/A       13%         1
 Pain                     Necr           16%        1d4       13%         1
 Fulminant Prism          Conj/Hex       13%        3d9       13%         4
 Iskenderun's Mystic Bla  Conj/Tloc      26%        2d7       13%         4
 Vampiric Draining        Necr           2%         2d6       36%         3
 Animate Dead             Necr           2%         N/A       77%         4
 Agony                    Necr           4%         N/A       98%         5


Dungeon Overview and Level Annotations

Branches:
Dungeon (6/15)            Ossuary (visited)
 Temple: D:4-7

Altars:

Shops:
D:2 *   D:6 ?

Annotations:
D:5 3 runed translucent doors, Dorkslayer's ghost, novice OpFi
D:6 1 runed translucent door


Innate Abilities, Weirdness & Mutations

You have a beak for a mouth.
You have claws for feet.
Your magical nature lets you fly swiftly and evasively.


Message History

Confirm with . or Enter, or press ? or * to list all spells.
You feel a surge of power!
The killer bee is struck by an arc of lightning.
The killer bee is severely wounded.
The killer bee is struck by an arc of lightning.
The killer bee is moderately wounded.
The killer bee is struck by an arc of lightning.
The killer bee is almost dead.
You resist.
You are struck by an arc of lightning.
You feel sick. The killer bee closely misses you. x2
Casting: Static Discharge (safe; 1% risk of failure)
Confirm with . or Enter, or press ? or * to list all spells.
You feel a surge of power!
The killer bee is struck by an arc of lightning!
You kill the killer bee!
The killer bee is struck by an arc of lightning.
The killer bee is heavily wounded.
The killer bee is struck by an arc of lightning.
The killer bee is moderately wounded.
The killer bee is struck by an arc of lightning.
The killer bee is almost dead.
The lightning grounds out.
You feel sick.
You are no longer poisoned.
The killer bee stings you!
* * * LOW HITPOINT WARNING * * *
You barely miss the killer bee. Your kick misses the killer bee.
The killer bee is almost dead.
The killer bee stings you.
* * * LOW HITPOINT WARNING * * *
You are lethally poisoned!
The killer bee poisons you!
The killer bee stings you but does no damage.
It was a potion of berserk rage.
A red film seems to cover your vision as you go berserk!
You feel yourself moving faster!
You feel mighty!
* * * LOW HITPOINT WARNING * * *
You feel sick. You block the killer bee's attack. x2
You hit the killer bee!
You kill the killer bee!
You die...

.####.#.......##+.....#..#)[.#...
.#...........##(#.....##.#..))<..
......#....###..##.....#...).†...
........####.....###'###.(((....#
.....####)+..$...#..')....##.####
#∩.#....####.....###'###..##.##
#.##.##....###.y##)....#.##...#
.....#####...##†#.....##[##...#
.......>......##@.....#..##...#
#.##........#..##....##.###...###
..##............######[..........
.###....................)........
.###.........##.....##...........
........<<...#####..#######...###
.####......(.###....# #...# .#
########.......## #...# .#
#####.### #...#


You could see a killer bee.

Vanquished Creatures
  Sigmund (D:6)
  2 redbacks (D:6)
  A steam dragon (D:6)
  Duvessa (D:6)
  3 ice beasts
  4 water moccasins (D:6)
  A black bear (D:5)
  An ogre (D:5)
  A sky beast (D:3)
  A necrophage (D:6)
  A phantom (D:5)
  A kobold brigand (D:6)
  Dowan (D:6)
  5 scorpions
  4 water moccasin zombies
  5 killer bees (D:6)
  A hound (D:5)
  A centaur skeleton (D:6)
  3 orc priests
  2 iguanas
  An orc wizard (D:4)
  2 hound skeletons (D:4)
  3 mummies
  11 gnolls
  A howler monkey skeleton (D:6)
  10 adders
  A shadow imp (D:6)
  An ufetubus (D:4)
  5 adder zombies (Ossuary)
  4 worms
  5 dart slugs
  11 orcs
  5 ball pythons
  8 endoplasms
  8 giant cockroaches
  4 gnoll zombies (Ossuary)
  6 hobgoblins
  6 quokkas
  2 bats (D:3)
  2 frilled lizards
  7 goblins
  7 hobgoblin zombies
  13 kobolds
  6 kobold zombies
  6 orc zombies (Ossuary)
  3 rats
178 creatures vanquished.

Vanquished Creatures (collateral kills)
  A water moccasin (D:6)
  A scorpion (D:6)
2 creatures vanquished.

Vanquished Creatures (others)
  An orc (D:6)
1 creature vanquished.

Grand Total: 181 creatures vanquished

Notes
Turn   | Place    | Note
-------+----------+-------------------------------------------
     0 | D:1      | PublicAnimeNo1 the Tengu Air Elementalist began the quest
                  | for the Orb.
     0 | D:1      | Reached XP level 1. HP: 10/10 MP: 4/4
   467 | D:1      | Reached XP level 2. HP: 16/16 MP: 4/6
   636 | D:1      | Found a faded altar of an unknown god.
   670 | D:1      | Learned a level 2 spell: Searing Ray
   699 | D:1      | Reached skill level 2 in Conjurations
   918 | D:1      | Reached skill level 1 in Fighting
  1236 | D:1      | Reached XP level 3. HP: 20/20 MP: 7/7
  1773 | D:2      | Reached skill level 3 in Conjurations
  1811 | D:2      | Reached XP level 4. HP: 25/25 MP: 2/8
  2516 | D:2      | Found Buulep's General Store.
  2862 | D:3      | Noticed a scorpion
  2869 | D:3      | Killed a scorpion
  2870 | D:3      | Reached skill level 4 in Conjurations
  2870 | D:3      | Reached skill level 5 in Air Magic
  2870 | D:3      | Gained mutation: Your magical nature lets you fly swiftly
                  | and evasively. [Tengu growth]
  2870 | D:3      | Reached XP level 5. HP: 30/30 MP: 3/9
  2910 | D:3      | Noticed a sky beast
  2925 | D:3      | Killed a sky beast
  2926 | D:3      | Reached skill level 1 in Shields
  2926 | D:3      | Reached XP level 6. HP: 32/35 MP: 2/11
  3100 | D:3      | Reached skill level 5 in Conjurations
  3315 | D:3      | Learned a level 2 spell: Static Discharge
  4312 | D:4      | Reached XP level 7. HP: 40/40 MP: 7/12
  5002 | D:5      | Entered Level 5 of the Dungeon
  5007 | D:5      | Reached skill level 6 in Conjurations
  5152 | D:5      | Found a sand-covered staircase.
  5159 | Ossuary  | Entered an ossuary
  5165 | Ossuary  | Learned a level 4 spell: Airstrike
  5532 | Ossuary  | Reached XP level 8. HP: 28/46 MP: 6/14
  5534 | Ossuary  | Reached skill level 7 in Conjurations
  6483 | D:5      | Found a runed translucent gate.
  6483 | D:5      | Found a runed translucent gate.
  6483 | D:5      | Found a runed translucent gate.
  6563 | D:5      | Noticed Dorkslayer's ghost (novice OpFi)
  6791 | D:6      | Found the +9 staff of Olgreb {rPois∞}
  6803 | D:6      | Found a runed translucent gate.
  6803 | D:6      | Noticed a redback
  6805 | D:6      | Found a runed translucent door.
  6813 | D:6      | Reached skill level 8 in Conjurations
  6874 | D:6      | Found Fajatzua's Magic Scroll Emporium.
  6883 | D:6      | Bought a scroll of identify for 22 gold pieces
  6883 | D:6      | Bought a scroll of identify for 22 gold pieces
  6883 | D:6      | Bought a scroll of identify for 22 gold pieces
  6914 | D:6      | Noticed Duvessa
  6914 | D:6      | Noticed Dowan
  6914 | D:6      | Noticed a redback
  6915 | D:6      | Found a runed translucent gate.
  6915 | D:6      | Found a runed translucent gate.
  6918 | D:6      | Found a runed translucent door.
  6935 | D:6      | Reached XP level 9. HP: 14/52 MP: 2/16
  7239 | D:6      | Reached skill level 9 in Conjurations
  7978 | D:6      | Noticed Sigmund
  7991 | D:6      | Killed Sigmund
  8166 | D:6      | Identified a scroll of acquirement
  8166 | D:6      | Acquired a staff of air
  8180 | D:6      | Reached skill level 5 in Fighting
  8194 | D:6      | Reached skill level 10 in Conjurations
  8196 | D:6      | Reached skill level 5 in Shields
  8814 | D:6      | Killed Duvessa
  8841 | D:6      | Killed Dowan
  9056 | D:6      | Reached XP level 10. HP: 16/60 MP: 8/17
  9059 | D:6      | HP: 1/60 [killer bee (3)]
  9061 | D:6      | Succumbed to a killer bee's poison

Illustrated notes

Levels and vault maps discovered:
D:1:      dpeg_arrival_windows_large_door, layout_loops_corners, serial_glass,
          glass_columns_a, glass_columns_b, glass_columns_c, glass_columns_b,
          glass_columns_a, ebering_ecumenical_altar_box
D:2:      layout_loops_cross, serial_shops, shop, corexii_corridor_pit
D:3:      layout_rooms, cheibrodos_sewer_entry_bend,
          chequers_serial_rivers_room_a
D:4:      minmay_recursive_quarters, layout_layer_cave
D:5:      layout_cave_pools, gammafunk_ghost_icy, nicolae_ossuary_entry_giza
D:6:      layout_loops_cross, serial_shops, shop,
          minmay_guarded_unrand_staff_of_olgreb, uniq_duvessa, uniq_sigmund

Skill      XL: |  1  2  3  4  5  6  7  8  9 |
---------------+----------------------------+-----
Conjurations   | 2 3 4 5 6 8 10 | 10.9
Fighting       | 1 2 3 4 5 |  5.7
Air Magic      | 5 6 7 8 |  8.7
Shields        | 1 2 4 5 |  5.4
Spellcasting   | 3 4 |  4.0
Dodging        | |  2.4
Stealth        | |  2.0

Action                   |  1- 3 |  4- 6 |  7- 9 | 10-12 || total
-------------------------+-------+-------+-------+-------++-------
Melee: Dagger            |    35 |    49 |   123 |       ||   207
       Kick              |    11 |    13 |    44 |       ||    68
       Peck              |     4 |    10 |    23 |       ||    37
       Staff             |       |       |    23 |     3 ||    26
 Cast: Shock             |    30 |    28 |    13 |       ||    71
       Searing Ray       |     5 |    16 |    29 |       ||    50
       Static Discharge  |       |       |    26 |     2 ||    28
       Airstrike         |       |       |     1 |       ||     1
  Use: Scroll            |       |     3 |    14 |       ||    17
       Potion            |       |       |       |     1 ||     1
 Stab: Sleeping          |     2 |     3 |     8 |       ||    13
Armor: Robe              |     5 |    10 |    28 |     1 ||    44
Dodge: Dodged            |    31 |    34 |   132 |     4 ||   201
Block: Buckler           |       |    18 |    91 |     2 ||   111
       Reflection        |       |       |     4 |       ||     4

Table legend: (Time is in decaauts)
 A = Elapsed time spent in this place.
 B = Non-inter-level travel time spent in this place.
 C = Inter-level travel time spent in this place.
 D = Time resting spent in this place.
 E = Time spent auto-exploring this place.
 F = Levels seen in this place.
 G = Mean time per level.
                   A        B        C        D        E       F      G
               +--------+--------+--------+--------+--------+-----+--------+
         Total |   8849 |   8682 |    167 |   2964 |   4453 |   7 | 1264.1 |
       Dungeon |   7962 |   7795 |    167 |   2500 |   4190 |   6 | 1327.0 |
       Ossuary |    887 |    887 |      0 |    464 |    263 |   1 |  887.0 |
               +--------+--------+--------+--------+--------+-----+--------+

Top non-repeatable levels by time:
     D:5: 1743 daAuts
     D:1: 1575 daAuts
     D:6: 1259 daAuts
     D:4: 1183 daAuts
     D:3: 1127 daAuts
     D:2: 1072 daAuts
 Ossuary: 887 daAuts
